 Dungeon Crawl Stone Soup version 0.30-a0-329-g85436e0a43 (webtiles) character file.

Game seed: 16969029127979501209

18449 ragingrage the Fighter (level 12, 0/98 HPs)
             Began as a Djinni Hedge Wizard on Oct 29, 2022.
             Was an Initiate of Ashenzari.
             Slain by a komodo dragon (29 damage)
             ... on level 3 of the Lair of Beasts.
             The game lasted 00:26:14 (15889 turns).

ragingrage the Fighter (Djinni Hedge Wizard)       Turns: 15889, Time: 00:26:15

Health: 0/98       AC:  8    Str:  9    XL:     12   Next: 95%
Gold:   585        EV: 14    Int: 22    God:    Ashenzari [......] SH:  0 Dex: 12

rFire   + + .      SeeInvis .    b - +7 trident "Hadif" {drain, rC+ Stlth+}
rCold   . . .      Faith    .    (no shield)
rNeg    . . .      Spirit   .    Q - +0 troll leather armour
rPois   ∞          Reflect  .    c - +0 hat "Share My Omen" {Cun, Fort} (curse)
rElec   .          Harm     .    f - +2 cloak
rCorr   .          Rampage  .    (no gloves)
Will    +....                    (boots unavailable)
Stlth   +++.......               (no amulet)
HPRegen 1.16/turn                (no ring)
MPRegen 0.00/turn                (no ring)

@: flying
A: sickness immunity, fire resistance 2, cold vulnerability 1, float, innate
caster, HP casting, extra vitality 1
a: Renounce Religion, Curse Item, Shatter the Chains


You were on level 3 of the Lair of Beasts.
You worshipped Ashenzari.
Ashenzari was noncommittal.
You visited 3 branches of the dungeon, and saw 15 of its levels.
You also visited: Ossuary.

You collected 705 gold pieces.
You spent 120 gold pieces at shops.

Inventory:

Hand Weapons
 a - a +2 sling of draining
 b - the +7 trident "Hadif" (weapon) {drain, rC+ Stlth+}
   (You found it on level 2 of the Lair of Beasts)

   A truly terrible weapon, it drains the life of any living foe it strikes.
   rC:        It protects you from cold.
   Stlth:     It makes you more stealthy.
 Y - the +7 spear "Haxza" {venom, rN+}
   (You found it on level 10 of the Dungeon)

   It poisons the flesh of those it strikes.
   rN:        It protects you from negative energy.
Missiles
 r - 45 poisoned darts
 C - 5 javelins
 O - a curare-tipped dart
 P - 2 throwing nets
Armour
 c - the cursed +0 hat "Share My Omen" (worn) {Cun, Fort}

   It has a curse which improves the following skills: Cunning: Dodging and
   Stealth.
   Fortitude: Armour and Shields.
 f - a +2 cloak (worn)
 s - a +0 robe of cold resistance
 Q - a +0 troll leather armour (worn)
Magical Staves
 m - a staff of cold
 R - a staff of air
Wands
 F - a wand of flame (8)
 H - a wand of mindburst (3)
 I - a wand of polymorph (6)
 K - a wand of iceblast (20)
 L - a wand of charming (19)
 S - a wand of digging (5)
Scrolls
 g - 2 scrolls of enchant weapon
 i - 7 scrolls of fog
 n - 3 scrolls of amnesia
 o - 3 scrolls of immolation {unknown}
 p - a scroll of torment {unknown}
 q - 5 scrolls of identify
 t - a scroll of blinking {unknown}
 u - 4 scrolls of vulnerability
 x - 3 scrolls of noise {unknown}
 y - 9 scrolls of teleportation {unknown}
 A - a scroll of fear {unknown}
 G - a scroll of acquirement {unknown}
 J - a scroll of brand weapon {unknown}
 M - a scroll of summoning {unknown}
 N - 4 scrolls of magic mapping
 W - 2 scrolls of poison
 X - a scroll of enchant armour {unknown}
Potions
 d - 6 potions of might {unknown}
 e - 2 potions of ambrosia {unknown}
 h - 5 potions of heal wounds
 j - 2 potions of mutation {unknown}
 k - 10 potions of curing
 l - 4 potions of degeneration {unknown}
 v - 4 potions of attraction {unknown}
 w - 2 potions of resistance {unknown}
 z - a potion of magic {unknown}
 B - 4 potions of haste
 D - 4 potions of brilliance {unknown}
 E - 2 potions of flight {unknown}
 T - a potion of cancellation {unknown}
 V - 3 potions of lignification {unknown}


   Skills:
 + Level 13.1 Fighting
 - Level 4.0(4.4) Armour
 - Level 8.5(9.0) Dodging
 - Level 1.6(2.0) Stealth
 + Level 10.5 Spellcasting


You had 6 spell levels left.
You knew the following spells:

 Your Spells              Type           Power      Damage    Failure   Level
a - Summon Lightning Spi  Summ/Air       55%        N/A       1%          4
b - Mephitic Cloud        Conj/Pois/Air  55%        N/A       1%          3
c - Blink                 Tloc           100%       N/A       1%          2
d - Call Imp              Summ           55%        N/A       1%          2
e - Cigotuvi's Dreadful   Necr/Pois/Air  100%       N/A       1%          2
f - Slow                  Hex            100%       N/A       1%          1
g - Necrotise             Necr           100%       1d9       1%          1
h - Searing Ray           Conj           100%       2d8       1%          2
i - Frozen Ramparts       Ice            100%       1d16      1%          3
j - Magic Dart            Conj           100%       1d8       1%          1
k - Agony                 Necr           55%        N/A       2%          5
Your spell library was empty.

Dungeon Overview and Level Annotations

Branches:
Dungeon (11/15)            Temple (1/1) D:5            Lair (3/5) D:8
  Swamp (0/4) Lair:2       Spider (0/4) Lair:2          Orc (0/2) D:11
Ossuary (visited)

Altars:
Ashenzari
Cheibriados
Dithmenos
Elyvilon
Fedhas
Gozag
Hepliaklqana
Makhleb
Nemelex Xobeh
Okawaru
Qazlal
Ru
Trog
Uskayaw
Wu Jian
Xom
Yredelemnul
Zin
The Shining One
Lugonu

Shops:
D:4 *   D:6 =

Annotations:
D:5 3 runed translucent doors, Darkkill's ghost, novice MiHu


Innate Abilities, Weirdness & Mutations

You are immune to sickness and miasma.
You are immune to poison.
Your flesh is very heat resistant. (rF++)
You are vulnerable to cold. (rC-)
You float through the air rather than walking.
You learn spells naturally, not from books.
Your magical power is your life essence.
You have superior vitality. (+4 MHP)


Message History

The torpor snail is severely wounded.
Your lightning spire shoots out a bolt of lightning at the torpor snail!
The bolt of electricity hits the torpor snail!
The torpor snail is engulfed in noxious fumes.
Your lightning spire shoots out a bolt of lightning at the torpor snail!
The bolt of electricity hits the torpor snail!
The torpor snail dies!
Reach: b) +7 trident "Hadif" {drain, rC+ Stlth+}
Press: ? - help, Dir - move target, f - komodo dragon
Aim: a komodo dragon (about 25% to evade the +7 trident "Hadif")
You hit the komodo dragon.
The komodo dragon is lightly wounded.
You feel yourself speed up. The komodo dragon bites you!! x2
* * * LOW HITPOINT WARNING * * *
Okay, then.
You feel much better. The komodo dragon bites you!!
* * * LOW HITPOINT WARNING * * *
You feel much better.
The komodo dragon bites you but does no damage.
The komodo dragon attacks as you move away!
The komodo dragon bites you but does no damage.
Your lightning spire disappears in a puff of smoke!
You see here a +0 arbalest.
Casting: Mephitic Cloud (safe; 1% risk of failure)
Confirm with . or Enter, or press ? or * to list all spells.
Aiming: Mephitic Cloud (safe; 1% risk of failure)
Press: ? - help, Shift-Dir - straight line, f/p - komodo dragon
Aim: a komodo dragon (blue smoke, lightly wounded, chance to affect: 62%)
The ball explodes into a vile cloud!
The stinking cloud engulfs the komodo dragon but does no damage.
The komodo dragon is lightly wounded.
The stinking cloud engulfs you but does no damage.
A water moccasin comes into view.
The komodo dragon bites you!
* * * LOW HITPOINT WARNING * * *
As you read the scroll labelled KEHOERGHUAPT, it crumbles to dust.
You feel aware of your surroundings.
It was a scroll of magic mapping.
The komodo dragon bites you!!
You die...

,,,,,>.........................##
,^,,,,,........................#
,,,,,,,........................#
,**,,,,#####.P..##.......#.....#*
***,,,,** ##..#.##....P.##.#P...#
***,,,,,* #...####.....#,,.....##
,**,,,,** ##'#####.....#.,,*,,,*
,,+,,,,* #...##.#.......,,,,,,*
,,,,,,,* *#....l@†.......,,*,,,*
***,,,,* #..##°.#†....##,,,*,,,**
***,,,,**#..*#####†...#,,,***,,,*
**,,,,,,#.#.******.......,*,,,,**
,,,,,,,,#...,,,,**....S[.,,,,,,*
,,,,,,,,....,,,,,,.......,,,,,,*
,,,,,,,.,,,,,,,,,,.......,,,,,,*
,,,,,,,,,,,,,,,,,,.......,,,,,,**
***,,,,,,,,,,,,,,,w....$.,,,,,,,*


You could see a komodo dragon and a water moccasin.

Vanquished Creatures
  A boulder beetle (D:8)
  A two-headed ogre (D:10)
  A bog body (Lair:2)
  A black mamba (Lair:2)
  A cane toad (Lair:2)
  Maggie (D:7)
  An unseen horror (D:10)
  2 komodo dragons (Lair:2)
  Prince Ribbit (D:6)
  4 blink frogs (Lair:3)
  Sigmund (D:3)
  6 yaks
  2 wyverns
  Edmund (D:4)
  5 water moccasins
  A nameless horror (D:6)
  2 black bears
  An ice beast (D:5)
  2 orc warriors (D:8)
  4 ogres (D:6)
  A phantom (D:5)
  2 wolves (Lair:3)
  6 centaurs
  2 kobold brigands
  9 bullfrogs
  A necrophage (D:4)
  A gnoll sergeant (D:6)
  2 scorpions
  2 water moccasin zombies
  2 killer bees (D:9)
  A jelly (D:4)
  3 orc priests
  Crazy Yiuf (D:2)
  4 iguanas
  4 orc wizards
  Natasha (thrice) (D:3)
  A hound zombie (D:4)
  A mummy (Ossuary)
  8 gnolls
  9 adders
  An ufetubus (D:4)
  An adder zombie (Ossuary)
  5 worms
  3 dart slugs
  23 orcs
  7 endoplasms
  6 giant cockroaches
  8 goblins
  10 hobgoblins
  7 jackals
  17 kobolds
  11 quokkas
  10 ball pythons
  3 bats
  3 frilled lizards
  3 gnoll zombies (Ossuary)
  2 kobold zombies (Ossuary)
  4 orc zombies (Ossuary)
  6 rats
232 creatures vanquished.

Vanquished Creatures (collateral kills)
  A bog body (Lair:2)
  A cyclops (D:8)
  A black mamba (Lair:2)
  A torpor snail (Lair:3)
  A gargoyle (D:11)
  A cane toad (Lair:3)
  A kobold demonologist (D:11)
  3 rime drakes
  A komodo dragon (Lair:3)
  A troll (D:8)
  A dream sheep (Lair:3)
  A shadow (D:11)
  A wraith (D:8)
  2 vampires
  9 yaks
  A steam dragon (D:9)
  2 water moccasins
  An ice beast (D:7)
  3 orc warriors
  2 black bears
  6 wolves
  3 centaurs
  A kobold brigand (D:9)
  4 bullfrogs
  2 gnoll sergeants
  2 water moccasin zombies (Ossuary)
  2 wights (D:8)
  A jelly (D:6)
  7 killer bees (D:9)
  A howler monkey (D:10)
  3 orc priests
  A gnoll bouda (D:8)
  6 orc wizards
  A mummy (Ossuary)
  9 gnolls
  An ufetubus (D:7)
  An adder zombie (Ossuary)
  17 orcs
  A gnoll zombie (Ossuary)
  6 hobgoblin zombies (Ossuary)
  8 kobolds
  A kobold zombie (Ossuary)
  2 orc zombies (Ossuary)
121 creatures vanquished.

Vanquished Creatures (others)
  A sky beast (D:8)
  6 fungi
  4 plants
11 creatures vanquished.

Grand Total: 364 creatures vanquished

Notes
Turn   | Place    | Note
-------+----------+-------------------------------------------
     0 | D:1      | ragingrage the Djinni Hedge Wizard began the quest for the
                  | Orb.
     0 | D:1      | ragingrage set off with the following spells memorised:
                  | Magic Dart, Slow, Blink, Call Imp, Cigotuvi's Dreadful Rot,
                  | Mephitic Cloud.
     0 | D:1      | Reached XP level 1. HP: 15/15 MP: 0/0
   136 | D:1      | Reached XP level 2. HP: 22/22 MP: 0/0
   181 | D:1      | Reached skill level 1 in Fighting
   347 | D:1      | Reached XP level 3. HP: 27/27 MP: 0/0
   347 | D:1      | Learned a level 1 spell: Necrotise
  1071 | D:2      | Reached skill level 2 in Fighting
  1090 | D:2      | Reached XP level 4. HP: 33/33 MP: 0/0
  1502 | D:2      | Reached XP level 5. HP: 39/39 MP: 0/0
  1502 | D:2      | Learned a level 2 spell: Searing Ray
  1548 | D:2      | Found a runed translucent door.
  1549 | D:2      | Noticed Crazy Yiuf
  1558 | D:2      | Killed Crazy Yiuf
  1559 | D:2      | Reached skill level 3 in Fighting
  1879 | D:3      | Noticed Sigmund
  1886 | D:3      | Killed Sigmund
  1887 | D:3      | Reached skill level 4 in Fighting
  1887 | D:3      | Reached XP level 6. HP: 46/47 MP: 0/0
  2019 | D:3      | Noticed Natasha
  2021 | D:3      | Killed Natasha
  2166 | D:3      | Noticed Natasha
  2180 | D:3      | Killed Natasha
  2251 | D:3      | Found a faded altar of an unknown god.
  2313 | D:3      | Noticed Natasha
  2438 | D:3      | Killed Natasha
  2439 | D:3      | Reached XP level 7. HP: 48/53 MP: 0/0
  2439 | D:3      | Learned a level 3 spell: Frozen Ramparts
  2462 | D:3      | Found a snail-covered altar of Cheibriados.
  2615 | D:4      | Found Cirinil's General Store.
  2626 | D:4      | Bought a potion of haste for 120 gold pieces
  2886 | D:4      | Reached skill level 5 in Fighting
  2978 | D:4      | Noticed Edmund
  2998 | D:5      | Entered Level 5 of the Dungeon
  3257 | D:4      | Killed Edmund
  3258 | D:4      | Reached skill level 5 in Spellcasting
  3258 | D:4      | Reached XP level 8. HP: 59/61 MP: 0/0
  3673 | D:4      | Reached skill level 6 in Fighting
  3689 | D:4      | Found a basalt altar of Yredelemnul.
  3775 | D:5      | Found a staircase to the Ecumenical Temple.
  3797 | Temple   | Entered the Ecumenical Temple
  4260 | D:5      | Found a shadowy altar of Dithmenos.
  4452 | D:5      | Found a glowing silver altar of Zin.
  4535 | D:5      | Found a stormy altar of Qazlal.
  4696 | D:5      | Reached skill level 7 in Fighting
  4700 | D:5      | Reached XP level 9. HP: 68/68 MP: 0/0
  4700 | D:5      | Learned a level 4 spell: Summon Lightning Spire
  4740 | D:5      | Found a runed translucent gate.
  4740 | D:5      | Found a runed translucent gate.
  4756 | D:5      | Noticed Darkkill's ghost (novice MiHu)
  4757 | D:5      | Found a runed translucent gate.
  5643 | D:6      | Reached skill level 8 in Fighting
  6091 | D:6      | Found Ycyw's Jewellery Shop.
  6211 | D:6      | Noticed Prince Ribbit
  6216 | D:6      | Killed Prince Ribbit
  6327 | D:6      | Found a sparkling altar of Nemelex Xobeh.
  6392 | D:7      | Reached skill level 9 in Fighting
  6406 | D:7      | Noticed Maggie
  6430 | D:7      | Noticed a nameless horror
  6438 | D:6      | Killed a nameless horror
  6846 | D:7      | Reached XP level 10. HP: 72/78 MP: 0/0
  7062 | D:7      | Killed Maggie
  7930 | D:8      | Found a white marble altar of Elyvilon.
  7940 | D:8      | Reached skill level 10 in Fighting
  8015 | D:8      | Noticed a boulder beetle
  8238 | D:8      | Found a staircase to the Lair.
  8336 | D:8      | Found a sand-covered staircase.
  8353 | Ossuary  | Entered an ossuary
  9769 | D:8      | Reached skill level 1 in Armour
  9769 | D:8      | Reached XP level 11. HP: 63/86 MP: 0/0
  9769 | D:8      | Learned a level 5 spell: Agony
  9948 | D:8      | Killed a boulder beetle
  9949 | D:8      | Reached skill level 11 in Fighting
 10018 | D:8      | Noticed a cyclops
 10030 | D:8      | Killed a cyclops
 10573 | D:9      | Found a shimmering altar of Xom.
 10819 | D:9      | Found a blossoming altar of Fedhas.
 10856 | D:9      | Found a broken altar of Ashenzari.
 10869 | D:9      | Became a worshipper of Ashenzari the Shackled
 11010 | D:9      | Found a glowing golden altar of the Shining One.
 11175 | D:10     | Entered Level 10 of the Dungeon
 11414 | D:10     | Identified the +7 spear "Haxza" {venom, rN+}
 11449 | D:10     | Found a hide-covered altar of Uskayaw.
 11470 | D:10     | Noticed a two-headed ogre
 11477 | D:10     | Killed a two-headed ogre
 11567 | D:10     | Reached skill level 5 in Dodging
 11864 | D:10     | Identified the +10 trident of the Realm of Zot {pain, *Rage
                  | rCorr Str+3}
 12914 | D:11     | Found a staircase to the Orcish Mines.
 13583 | Lair:1   | Entered Level 1 of the Lair of Beasts
 13593 | Lair:1   | Reached XP level 12. HP: 95/95 MP: 0/0
 13618 | Lair:1   | Reached skill level 12 in Fighting
 14298 | Lair:1   | Identified the +4 long sword of Exchange {speed, Str+4
                  | Int-4 Dex+6}
 14565 | Lair:2   | Identified the +7 trident "Hadif" {drain, rC+ Stlth+}
 14570 | Lair:2   | Found a staircase to the Swamp.
 14581 | Lair:2   | Reached skill level 10 in Spellcasting
 14701 | Lair:2   | Found a hole to the Spider Nest.
 15863 | Lair:3   | Reached skill level 13 in Fighting
 15889 | Lair:3   | Slain by a komodo dragon

Illustrated notes

Levels and vault maps discovered:
D:1:      dpeg_arrival_chambers_temple_mockup, layout_basic, minmay_liquid_box
D:2:      layout_loops_ring, minmay_cupped, uniq_crazy_yiuf_cottage
D:3:      layout_loops_ring, mainiacjoe_overflow_alcove_1,
          dreamdust_ecumenical_altar_hidden_monk_grotto, minmay_checkerbox,
          uniq_natasha, uniq_sigmund
D:4:      cheibrodos_barr_body, layout_basic, mainiacjoe_overflow_paths,
          lemuel_zombie_altar_yredelemnul, serial_shops, nicolae_shop_crystal,
          nicolae_zen_rock_garden, uniq_edmund
D:5:      layout_basic, mainiacjoe_overflow_alcove_2, grunt_dithmenos_shadows,
          zin_scriptorium, minmay_temple_entry_tees, serial_glass,
          glass_columns_a, glass_columns_b, minmay_strange_pillars,
          due_unseen_surprise, gammafunk_ghost_nasty_kobolds,
          kennysheep_windowed_goal
D:6:      layout_loops_ring, nemelex_dance_club_becter, serial_shops,
          nicolae_take_the_stairs, kennysheep_dice, uniq_prince_ribbit1
D:7:      layout_gridville, serial_co_window_serial, co_window_corner_a,
          co_window_paths_a, co_window_paths_b, co_window_paths_a,
          co_window_of_opportunity_a, co_window_corner_b,
          co_window_of_opportunity_c, co_window_corner_ca, co_window_broadway_b,
          co_window_2corner, co_window_corner_b, co_window_unsneaky_path_e,
          glass_columns_a, glass_columns_a, glass_columns_a, uniq_maggie
D:8:      cheibrodos_fzero, layout_basic, mainiacjoe_overflow_brackets,
          nicolae_ossuary_entry_ruins
D:9:      layout_basic, nicolae_tso_carved_into_rock,
          mainiacjoe_overflow_large_starburst,
          mainiacjoe_overflow_catch_the_wave
D:10:     layout_grid_maze, mainiacjoe_overflow_boulevard
D:11:     layout_layer_cave, orc_0_dummy
Temple:   corrupted_temple
Lair:1:   layout_loops_ring, nicolae_lair_grove_arrangements, st_stairs_7
Lair:2:   layout_small_grid, skrybe_swamp_entry_bodies, spider_nest_entry_webs,
          st_stairs_3, grunt_forest_small_clearings,
          grunt_forest_small_clearing_treed, lemuel_fruit_tree
Lair:3:   layout_regular_city, grunt_megastairs_3

Skill      XL: |  1  2  3  4  5  6  7  8  9 10 11 12 |
---------------+-------------------------------------+-----
Fighting       | 1 2 4 5 7 9 10 11 13 | 13.1
Spellcasting   | 3 4 5 6 7 8 9 10 | 10.5
Armour         | 1 4 |  4.0
Dodging        | 6 8 |  8.5
Stealth        | |  1.6

Action                   |  1- 3 |  4- 6 |  7- 9 | 10-12 || total
-------------------------+-------+-------+-------+-------++-------
Melee: Dagger            |       |       |       |     6 ||     6
       Spear             |       |       |       |    24 ||    24
       Trident           |       |       |       |    21 ||    21
       Punch             |       |       |       |     1 ||     1
 Fire: Sling             |    66 |   119 |   259 |   377 ||   821
Throw: Dart              |       |       |       |     5 ||     5
 Cast: Magic Dart        |     6 |       |     3 |     8 ||    17
       Mephitic Cloud    |       |     3 |    20 |    34 ||    57
       Searing Ray       |       |     1 |     7 |     6 ||    14
       Frozen Ramparts   |       |       |    10 |     3 ||    13
       Summon Lightning  |       |       |     5 |    73 ||    78
       Blink             |       |       |     1 |       ||     1
       Slow              |       |       |       |     6 ||     6
       Call Imp          |       |       |       |     3 ||     3
Invok: Curse Item        |       |       |       |     1 ||     1
Evoke: Wand              |       |       |     2 |       ||     2
  Use: Scroll            |       |     2 |       |     4 ||     6
       Potion            |       |     1 |       |     2 ||     3
 Stab: Confused          |       |       |       |     2 ||     2
       Distracted        |       |       |       |     1 ||     1
Armor: Robe              |       |     9 |    13 |       ||    22
       Ring mail         |       |       |    52 |     3 ||    55
       Steam dragon scal |       |       |       |    37 ||    37
       Troll leather arm |       |       |       |    60 ||    60
Dodge: Dodged            |     8 |    27 |   110 |   202 ||   347

Table legend: (Time is in decaauts)
 A = Elapsed time spent in this place.
 B = Non-inter-level travel time spent in this place.
 C = Inter-level travel time spent in this place.
 D = Time resting spent in this place.
 E = Time spent auto-exploring this place.
 F = Levels seen in this place.
 G = Mean time per level.
                   A        B        C        D        E       F      G
               +--------+--------+--------+--------+--------+-----+--------+
         Total |  16263 |  15609 |    654 |   2753 |  10077 |  16 | 1016.4 |
       Dungeon |  13537 |  12957 |    580 |   2272 |   8366 |  11 | 1230.6 |
        Temple |     92 |     79 |     13 |      0 |     72 |   1 |   92.0 |
          Lair |   2343 |   2282 |     61 |    372 |   1546 |   3 |  781.0 |
       Ossuary |    288 |    288 |      0 |    109 |     93 |   1 |  288.0 |
               +--------+--------+--------+--------+--------+-----+--------+

Top non-repeatable levels by time:
     D:8: 1923 daAuts
     D:5: 1576 daAuts
    D:11: 1517 daAuts
     D:7: 1414 daAuts
     D:6: 1268 daAuts
     D:4: 1209 daAuts
     D:9: 1085 daAuts
  Lair:2: 1041 daAuts
     D:2: 978 daAuts
  Lair:1: 909 daAuts
     D:1: 898 daAuts
    D:10: 881 daAuts
     D:3: 783 daAuts
  Lair:3: 392 daAuts
 Ossuary: 288 daAuts
